Selects Airborne Battlegroup
Selects Heavy Machine Gun Paradrop
Selects Paratrooper Squad Paradrop
Construct Medical Station
Selects Anti-tank Gun Team Paradrop
Heavy Machine Gun Paradrop
Paratrooper Squad Paradrop
Anti-tank Gun Team Paradrop
M4(105) Sherman Bulldozer
M18 Hellcat Tank Destroyer
Anti-tank Gun Team Paradrop
M1918 Browning Automatic Rifles
M4(105) Sherman Bulldozer
M4(105) Sherman Bulldozer
Selects Dual P-47 Rocket Strike